Cogmind - Beta 16 @@@ ROGUE MODE // 2025.10.21 @ 22:42:16 Player: Zish Result: Destroyed by H-55 Commando with Assault Rifle Performance ------------- Evolutions (3) 1500 Regions Visited (7) 1400 Robots Destroyed (59) 295 Value Destroyed (2192) 2192 Prototype IDs (3) 60 Alien Tech Used (0) 0 Bonus (200) 200 TOTAL SCORE: 5647 Bonus ------- Entered Garrisons 200 Cogmind --------- Core Integrity 0/700 Matter 300/300 Energy 99/100 System Corruption 0% Temperature Cool (0) Movement Core (150) Ox2 Location -7/Lower Caves Parts ------- > --- POWER (1) -------- (None) > --- PROPULSION (5) --- (None) > --- UTILITY (5) ------ Improved Signal Interpreter Weapon Cycler > --- WEAPON (2) ------- Great Maul Axe > --- INVENTORY (5) ---- Improved Deuterium Engine Light Angular Momentum Engine Improved Field Recycling Unit (0) Peak State ------------ > --- POWER ------------ Nuclear Core > --- PROPULSION ------- VTOL Module VTOL Module Improved VTOL Module Improved VTOL Module > --- UTILITY ---------- Advanced Weight Redist. System Improved Signal Interpreter Weapon Cycler Improved Trap Extractor > --- WEAPON ----------- Gauss Rifle Gauss Rifle > --- INVENTORY -------- Nuclear Core Improved Field Recycling Unit Heavy Ion Cannon Axe [Rating: 38] Favorites ----------- Power Deuterium Engine Engine Deuterium Engine Power Core Nuclear Core Propulsion Aluminum Leg Leg Aluminum Leg Wheel Wheel Flight Unit Improved VTOL Module Utility Small Storage Unit Device Improved Sensor Array Storage Small Storage Unit Processor Improved Signal Interpreter Weapon Assault Rifle Energy Cannon Heavy Ion Cannon Ballistic Gun Assault Rifle Launcher Shock Bomb Launcher Impact Weapon Mace Slashing Weapon Axe Special Melee Weapon Datajack Build | -11 -10 -9 -8 -8 -8 -7 -7 ------- Run | Yrd Mat Mat Mat Sto Gar Fac Low Slots Evolved 6 | . . 2 2 . . 2 . Power . | . . . . . . . . Propulsion 3 | . . 1 1 . . 1 . Utility 3 | . . 1 1 . . 1 . Weapon . | . . . . . . . . Parts Attached 49 | 6 9 6 17 . 2 6 3 Power 7 | 1 1 1 1 . 1 1 1 Engine 4 | 1 1 1 1 . . . . Core 3 | . . . . . 1 1 1 Reactor . | . . . . . . . . Propulsion 18 | 2 3 3 9 . . 1 . Treads . | . . . . . . . . Leg 10 | . 2 3 5 . . . . Wheel 3 | 2 1 . . . . . . Hover . | . . . . . . . . Flight 5 | . . . 4 . . 1 . Utility 11 | 1 3 1 3 . . 3 . Device 9 | . 3 1 2 . . 3 . Storage 1 | 1 . . . . . . . Processor 1 | . . . 1 . . . . Hackware . | . . . . . . . . Protection . | . . . . . . . . Artifact . | . . . . . . . . Weapon 13 | 2 2 1 4 . 1 1 2 Energy Gun . | . . . . . . . . Energy Cannon 1 | . . . . . . . 1 Ballistic Gun 4 | 2 . . 1 . . 1 . Ballistic Cannon . | . . . . . . . . Launcher 4 | . 2 1 1 . . . . Special Weapon . | . . . . . . . . Impact Weapon 2 | . . . 1 . . . 1 Slashing Weapon 1 | . . . . . 1 . . Piercing Weapon . | . . . . . . . . Special Melee Weapon 1 | . . . 1 . . . . Unidentified Prototypes 1 | . . . 1 . . . . Parts Lost 33 | . 6 . 13 . 3 . 11 Power 5 | . 1 . 1 . 1 . 2 Propulsion 13 | . 2 . 6 . 1 . 4 Utility 7 | . 1 . 3 . 1 . 2 Weapon 8 | . 2 . 3 . . . 3 Highest Loss Streak 5 | . 4 . 4 . 3 . 5 To Critical Strikes . | . . . . . . . . Average Backups 3 | 1 2 5 4 3 2 3 3 Power . | . . . . 1 . . 1 Propulsion 1 | . . 1 2 1 1 . . Utility . | . 1 2 . . . . 1 Weapon . | . . 1 . 1 1 1 1 Tool/Special . | . . . . . . . . Unused Backups 4 | . . 1 1 . . . 2 Power 2 | . . . . . . . 2 Propulsion 1 | . . . 1 . . . . Utility 1 | . . 1 . . . . . Weapon . | . . . . . . . . Tool/Special . | . . . . . . . . Average Slot Usage (%) 85 | . 95 98 83 90 82 77 73 Engine 7 | . 13 11 8 9 4 . . Core 1 | . . . . . 3 7 6 Leg 15 | . 19 33 23 . . . . Wheel 1 | . 6 . . . . . . Flight 10 | . . . 4 36 33 29 22 Device 16 | . 12 20 15 9 9 17 22 Storage 7 | . 14 11 9 9 6 . . Processor 4 | . . . 7 9 9 7 7 Ballistic Gun 10 | . 21 11 4 9 5 12 7 Launcher 3 | . 5 11 3 . . . . Impact Weapon 3 | . . . 6 9 9 1 2 Peak Build Rating 38 | 6 7 18 30 30 30 38 38 Average Rating 20 | 2 6 15 22 30 27 34 32 On Entrance 19 | . 6 7 18 30 30 25 38 Avg Prop Armor Cover (%) . | . . . . . . . . Naked Turns . | . . . . . . . . Heaviest Build 28 | 14 17 24 28 20 20 28 23 Greatest Support 49 | 20 20 32 49 28 28 27 27 Greatest Overweight (x) 4 | . 4 . 1 . 3 1 4 Average Overweight (x) . | . . . . . . . . Largest Inventory Capacity 8 | 8 8 8 8 8 8 5 5 Average Capacity 7 | 6 8 8 8 8 6 5 5 Most Carried 8 | 5 4 8 8 3 4 5 4 Average Carried 3 | 1 3 5 4 3 2 3 3 Final Capacity 8 | 8 8 8 8 8 5 5 5 Final Carried 7 | 1 4 7 3 3 3 4 3 Class Distribution -------------------- 67% | Mutant 31% | Sprinter Dominant Class ---------------- Mutant | -10/Materials Mutant | -9/Materials Mutant | -8/Materials Sprinter | -8/Storage Sprinter | -8/Garrison Mutant | -7/Factory Sprinter | -7/Lower Caves Resources | -11 -10 -9 -8 -8 -8 -7 -7 ----------- Run | Yrd Mat Mat Mat Sto Gar Fac Low Matter Collected 1405 | 199 227 249 354 19 21 . 336 Remotely . | . . . . . . . . Salvage Created 2379 | . 293 315 1097 54 82 . 538 Parts 131 | . 30 21 50 4 3 . 23 Haulers Intercepted . | . . . . . . . . Recyclers Shooed 1 | . 1 . . . . . . Parts Field Recycled . | . . . . . . . . Retrieved Matter . | . . . . . . . . Parts Self-Destructed 14 | . . . . . . . 14 Prevented . | . . . . . . . . Parts Restored . | . . . . . . . . Kills | -11 -10 -9 -8 -8 -8 -7 -7 ------- Run | Yrd Mat Mat Mat Sto Gar Fac Low Combat Hostiles Destroyed 48 | . 11 6 18 1 2 . 10 Melee 8 | . . . 3 . 2 . 3 Guns 15 | . 4 2 1 1 . . 7 AOE 17 | . 7 4 6 . . . . Classes Destroyed 12 | . 5 3 2 . . . 2 Worker 1 | . 1 . . . . . . Builder 6 | . 2 . 4 . . . . Recycler 2 | . . 1 1 . . . . Mechanic 1 | . . . 1 . . . . Watcher 1 | . 1 . . . . . . Swarmer 5 | . 3 . . . . . 2 Grunt 23 | . 8 3 12 . . . . Brawler 1 | . . . . . . . 1 Duelist 2 | . . 1 . . . . 1 Sentry 8 | . . 2 4 1 . . 1 Hunter 5 | . . . 2 . 2 . 1 Thug 3 | . . . . . . . 3 Mutant 1 | . . . . . . . 1 Best Kill Streak 6 | . 5 3 6 1 2 . 3 Combat Bots Only 5 | . 5 3 3 1 2 . 3 Max Kills in Single Turn 2 | . 2 2 2 1 1 . 1 Gunslinging . | . . . . . . . . Exploded 2 | . 2 2 1 . . . . Melee 1 | . . . 1 . 1 . 1 Uniques/NPCs Destroyed . | . . . . . . . . Combat | -11 -10 -9 -8 -8 -8 -7 -7 -------- Run | Yrd Mat Mat Mat Sto Gar Fac Low Hostile Shots Fired 429 | . 60 15 125 4 30 . 195 Missed 147 | . 19 6 28 3 8 . 83 Hits 282 | . 41 9 97 1 22 . 112 Projectile 282 | . 41 9 97 1 22 . 112 Critical Strikes 12 | . . . 8 . 1 . 3 Damage Taken 4279 | . 579 183 1523 15 311 . 1668 Core 1387 | . 101 32 420 . 122 . 712 Absorbed by Shields 18 | . . . . . 18 . . Core Remaining (%) 63 | 100 59 92 . . 1 . . Volleys Fired 115 | . 31 11 29 2 3 . 39 Largest 2 | . 2 2 2 1 1 . 2 Hottest 93 | . 50 56 56 28 28 . 93 Shots Fired 191 | . 52 22 38 2 3 . 74 Gun 138 | . 37 11 21 2 3 . 64 Cannon 10 | . . . . . . . 10 Launcher 43 | . 15 11 17 . . . . Special . | . . . . . . . . Kinetic 138 | . 37 11 21 2 3 . 64 Thermal 10 | . . . . . . . 10 Explosive 15 | . 15 . . . . . . Electromagnetic 28 | . . 11 17 . . . . Robot Hit Streak 9 | . 5 6 7 7 9 . 8 Robot Miss Streak 5 | . 3 5 4 . 1 . 5 Penetration Max 1 | . . . . . . . 1 Secondary Targets 1 | . . . . . . . 1 Max Gunslinging Chain 1 | . . . . . . . 1 Shots Hit Robots 166 | . 24 13 57 2 6 . 64 Core Hits 87 | . 29 9 30 1 3 . 15 Critical Kills 2 | . . . 2 . . . . Critical Parts Destroyed 6 | . . . 4 . . . 2 Critical Strikes 9 | . . . 6 . . . 3 Destroy 1 | . . . . . . . 1 Smash 7 | . . . 6 . . . 1 Sever 1 | . . . . . . . 1 Melee Attacks 85 | . . . 48 . 10 . 27 Impact 70 | . . . 47 . 8 . 15 Slashing 14 | . . . . . 2 . 12 Piercing . | . . . . . . . . Sneak Attacks . | . . . . . . . . Combat Hostiles . | . . . . . . . . Follow-up Attacks 4 | . . . . . 1 . 3 Damage Inflicted 5266 | . 839 602 1882 37 154 . 1752 Guns 1427 | . 259 80 206 37 26 . 819 Cannons 82 | . . . . . . . 82 Explosions 1817 | . 580 522 715 . . . . Melee 1940 | . . . 961 . 128 . 851 Ramming . | . . . . . . . . Kinetic 1427 | . 259 80 206 37 26 . 819 Thermal 460 | . . 297 81 . . . 82 Explosive 580 | . 580 . . . . . . Electromagnetic 859 | . . 225 634 . . . . Impact 1535 | . . . 961 . 99 . 475 Slashing 405 | . . . . . 29 . 376 Piercing . | . . . . . . . . Highest Corruption 1 | . . 1 . . . . . Average Corruption 1 | . . 1 . . . . . Corruption Purged . | . . . . . . . . Corruption Blocked . | . . . . . . . . Effects 1 | . . 1 . . . . . Heat Flow Errors 1 | . . 1 . . . . . Overload Shots . | . . . . . . . . Overflow Damage 386 | . 7 93 195 . . . 91 Projectiles 1 | . . . . . . . 1 Explosions 128 | . 7 93 28 . . . . Melee 257 | . . . 167 . . . 90 Knockbacks 7 | . . . 5 . . . 2 Impact 6 | . . . 4 . . . 2 Kinetic . | . . . . . . . . Secondary 1 | . . . 1 . . . . Self-Inflicted Damage 323 | . 157 63 103 . . . . Shots 17 | . 6 6 5 . . . . Rammed . | . . . . . . . . Targets Rammed . | . . . . . . . . Kicked . | . . . . . . . . Crushed . | . . . . . . . . Highest Temperature 282 | . 12 282 30 1 . . 254 Average Temperature 48 | . 5 104 9 1 . . 48 Received Heat Transfer 1308 | . 183 45 729 9 . . 342 Effects 1 | . . . . . . . 1 Interference 1 | . . . . . . . 1 Siege Activations . | . . . . . . . . Martial Activations . | . . . . . . . . Shielding Activations . | . . . . . . . . Robots Disrupted . | . . . . . . . . Combat Hostiles . | . . . . . . . . Robots Corrupted 8 | . . . 8 . . . . Combat Hostiles 8 | . . . 8 . . . . Parts Fried 7 | . . . 7 . . . . Impact Corruptions 14 | . . . 9 . . . 5 Robots Melted . | . . . . . . . . Combat Hostiles . | . . . . . . . . Parts Melted 1 | . . . 1 . . . . Heat Transferred 511 | . . 200 200 . . . 111 Parts Sabotaged . | . . . . . . . . Parts Stolen . | . . . . . . . . Parts Stripped . | . . . . . . . . Power Chain Reactions 6 | . . 3 3 . . . . Alert | -11 -10 -9 -8 -8 -8 -7 -7 ------- Run | Yrd Mat Mat Mat Sto Gar Fac Low Maximum Alert Level 1 | . 1 . 1 . . . . Low Security (%) 78 | 100 91 100 48 100 100 100 . Level 1 21 | . 8 . 51 . . . . Level 2 . | . . . . . . . . Level 3 . | . . . . . . . . Level 4 . | . . . . . . . . Level 5 . | . . . . . . . . High Security . | . . . . . . . . Max Security . | . . . . . . . . Peak Influence 263 | . 215 174 263 148 130 67 . Initial 98 | . . 50 61 98 76 67 . Average 130 | . 122 85 183 132 106 37 . Influence Increases 1584 | . 430 237 653 60 84 . 120 Destroy 0b10 Robot/C 880 | . 220 120 360 20 40 . 120 Destroy 0b10 Robot/NC 55 | . 20 5 30 . . . . Destroy Leader 182 | . 42 40 90 10 . . . Successful Hack 14 | . . . . . 14 . . Disable Machine 135 | . 60 30 30 . 15 . . Destroy Structure 183 | . 88 42 38 . 15 . . Partial Spotted 30 | . . . . 30 . . . Lose Combat Pursuer 105 | . . . 105 . . . . Influence Decreases 1564 | . 310 210 566 176 72 123 107 Entered New Map 401 | . . 70 86 136 42 63 4 Time Decay 943 | . 250 140 350 40 . 60 103 Lost Part 220 | . 60 . 130 . 30 . . Squads Dispatched 6 | . 3 1 2 . . . . Investigation 3 | . 2 . 1 . . . . Extermination . | . . . . . . . . Reinforcement 3 | . 1 1 1 . . . . Assault . | . . . . . . . . Garrison . | . . . . . . . . Intercept . | . . . . . . . . Searches Triggered . | . . . . . . . . Construction Impeded . | . . . . . . . . Haulers Reinforced . | . . . . . . . . Active Scanning Responses . | . . . . . . . . Cargo Convoy Interrupts . | . . . . . . . . Stealth | -11 -10 -9 -8 -8 -8 -7 -7 --------- Run | Yrd Mat Mat Mat Sto Gar Fac Low Distress Signals 6 | . 3 . 2 1 . . . Communications Jammed . | . . . . . . . . Distress Signals . | . . . . . . . . Times Spotted 73 | . 17 7 31 4 2 . 12 Peak Tracking Total 6 | . 6 3 5 5 2 . 4 Tactical Retreats 8 | . 2 . 5 . . . 1 ECM-based Alert Blocks 6 | . 6 . . . . . . Traps | -11 -10 -9 -8 -8 -8 -7 -7 ------- Run | Yrd Mat Mat Mat Sto Gar Fac Low Traps Triggered 5 | . 1 . 1 . 3 . . Indirectly . | . . . . . . . . Trap Hack Attempts . | . . . . . . . . Triggered . | . . . . . . . . Disarmed . | . . . . . . . . Reprogrammed . | . . . . . . . . Reused . | . . . . . . . . Traps Extracted . | . . . . . . . . Installed . | . . . . . . . . Triggered . | . . . . . . . . Machines | -11 -10 -9 -8 -8 -8 -7 -7 ---------- Run | Yrd Mat Mat Mat Sto Gar Fac Low Machines Disabled 9 | . 4 2 2 . 1 . . Max in Single Turn 2 | . 1 2 1 . 1 . . Machines Repaired . | . . . . . . . . Machines Dismantled . | . . . . . . . . Machines Sabotaged . | . . . . . . . . Overloaded Fab Kills . | . . . . . . . . Hacking | -11 -10 -9 -8 -8 -8 -7 -7 --------- Run | Yrd Mat Mat Mat Sto Gar Fac Low Machines Accessed 9 | . 5 1 . 1 2 . . Terminals 6 | . 4 . . . 2 . . Fabricators . | . . . . . . . . Repair Stations . | . . . . . . . . Recycling Units 1 | . 1 . . . . . . Scanalyzers 1 | . . 1 . . . . . Garrison Access 1 | . . . . 1 . . . Total Hacks 16 | . 9 3 . 2 2 . . Successful 11 | . 5 3 . 1 2 . . Failed 5 | . 4 . . 1 . . . Catastrophic 1 | . 1 . . . . . . Database Lockouts . | . . . . . . . . Manual . | . . . . . . . . Terminals 10 | . 8 . . . 2 . . Fabricators . | . . . . . . . . Repair Stations . | . . . . . . . . Recycling Units 1 | . 1 . . . . . . Scanalyzers 3 | . . 3 . . . . . Garrison Access 2 | . . . . 2 . . . Terminal Hacks 6 | . 4 . . . 2 . . Record 2 | . 2 . . . . . . Prototype ID Bank 1 | . 1 . . . . . . Emergency Access Points 2 | . 1 . . . 1 . . Patrol Navigation 1 | . . . . . 1 . . Fabricator Hacks . | . . . . . . . . Repair Station Hacks . | . . . . . . . . Recycling Unit Hacks 1 | . 1 . . . . . . Report Inventory 1 | . 1 . . . . . . Scanalyzer 3 | . . 3 . . . . . Retrieve Study 3 | . . 3 . . . . . Garrison Access Hacks 1 | . . . . 1 . . . Unlock Access 1 | . . . . 1 . . . Unauthorized Hacks . | . . . . . . . . Terminals . | . . . . . . . . Fabricators . | . . . . . . . . Repair Stations . | . . . . . . . . Recycling Units . | . . . . . . . . Scanalyzers . | . . . . . . . . Garrison Access . | . . . . . . . . Data Cores Recovered . | . . . . . . . . Used . | . . . . . . . . Hacking Detections 6 | . 2 1 . 1 2 . . Full Trace Events 1 | . 1 . . . . . . Feedback Events . | . . . . . . . . Feedback Blocked . | . . . . . . . . Robot Schematics Acquired . | . . . . . . . . Robots Built . | . . . . . . . . Authchips . | . . . . . . . . Time . | . . . . . . . . Total Robot Build Rating . | . . . . . . . . Part Schematics Acquired . | . . . . . . . . Parts Built . | . . . . . . . . Authchips . | . . . . . . . . Time . | . . . . . . . . Total Part Build Rating . | . . . . . . . . Part Studies Acquired 2 | . . 2 . . . . . Parts Repaired . | . . . . . . . . Time . | . . . . . . . . Parts Recycled . | . . . . . . . . Recycled Matter . | . . . . . . . . Retrieved Matter . | . . . . . . . . Retrieved Components . | . . . . . . . . Parts Scanalyzed . | . . . . . . . . Part Schematics Acquired . | . . . . . . . . Parts Damaged . | . . . . . . . . Bothacking | -11 -10 -9 -8 -8 -8 -7 -7 ------------ Run | Yrd Mat Mat Mat Sto Gar Fac Low Used RIF Installer . | . . . . . . . . Robots Hacked 1 | . . . 1 . . . . Non-combat . | . . . . . . . . Combat 1 | . . . 1 . . . . Robot Hacks Applied 1 | . . . 1 . . . . parse_system 1 | . . . 1 . . . . Relay Couplers Released . | . . . . . . . . Fabnet Peak Effective % . | . . . . . . . . Robots Rewired . | . . . . . . . . Allies Hacked . | . . . . . . . . Hacks Repelled . | . . . . . . . . Allies | -11 -10 -9 -8 -8 -8 -7 -7 -------- Run | Yrd Mat Mat Mat Sto Gar Fac Low Total Allies . | . . . . . . . . Largest Group . | . . . . . . . . Highest-Rated Group . | . . . . . . . . Highest-Rated Ally . | . . . . . . . . Total Orders . | . . . . . . . . Ally Attacks . | . . . . . . . . Total Damage . | . . . . . . . . Kills . | . . . . . . . . Allies Corrupted . | . . . . . . . . Allies Melted . | . . . . . . . . Intel | -11 -10 -9 -8 -8 -8 -7 -7 ------- Run | Yrd Mat Mat Mat Sto Gar Fac Low Active Infowar (turns) 1236 | . 533 295 408 . . . . Sensors 936 | . 233 295 408 . . . . Terrain 204 | . 204 . . . . . . ECM 96 | . 96 . . . . . . Robot Analysis Total . | . . . . . . . . Derelict Logs Recovered 3 | . . . . . . . 3 Drone Launches . | . . . . . . . . Drone Recoveries . | . . . . . . . . Exploration | -11 -10 -9 -8 -8 -8 -7 -7 ------------- Run | Yrd Mat Mat Mat Sto Gar Fac Low Turns Passed 2612 | 60 594 295 796 85 147 137 498 Spaces Moved 2781 | 75 427 222 541 175 288 177 876 Core 68 | 43 9 . 7 . 4 . 5 Treads . | . . . . . . . . Legs 916 | . 316 222 378 . . . . Wheels 134 | 32 102 . . . . . . Hover . | . . . . . . . . Flight 1663 | . . . 156 175 284 177 871 Fastest Speed 26 | 50 80 100 26 26 26 26 26 Average Speed 59 | 62 113 108 78 26 29 27 30 Slowest Speed 355 | 80 250 120 120 26 200 101 355 Overloaded Moves . | . . . . . . . . Propulsion Burnouts . | . . . . . . . . Robots Hopped . | . . . . . . . . Potential Cave-ins . | . . . . . . . . Cave-ins Triggered . | . . . . . . . . Exploration Rate (%) 32 | 5 61 16 38 25 40 3 74 Regions Visited 7 Branch Regions 2 Pre-discovered Areas . | . . . . . . . . Known Exits Taken 1 | . . . . 1 . . . Unknown Exits Taken 5 | 1 1 1 1 . . 1 . Scrap Searched 4 | . . . . . . . 4 Spaces Dug 1 | . . . 1 . . . . Terrain Destroyed 193 | . 95 53 39 . . . 6 Melee 1 | . . . 1 . . . . Projectile 4 | . . . . . . . 4 AOE 186 | . 95 53 38 . . . . Terrain Rammed . | . . . . . . . . Walls Destroyed . | . . . . . . . . Machines Disabled . | . . . . . . . . Actions | -11 -10 -9 -8 -8 -8 -7 -7 --------- Run | Yrd Mat Mat Mat Sto Gar Fac Low Total 3428 | 87 486 253 793 211 332 265 1001 Wait 310 | . 4 . 138 35 5 73 55 Move 2774 | 74 426 221 540 174 287 176 876 Hop . | . . . . . . . . Pick Up 54 | 7 12 10 15 . 1 6 3 Fast Attach . | . . . . . . . . Attach 45 | 6 9 2 18 . 2 4 4 Detach 3 | . 1 . . . 1 1 . Swap 8 | . 1 4 . . . 3 . Drop 14 | . 2 5 5 . . 2 . Fire 115 | . 31 11 29 2 3 . 39 Melee 80 | . . . 48 . 8 . 24 Ram . | . . . . . . . . Kick . | . . . . . . . . Crush . | . . . . . . . . Escape Stasis 25 | . . . . . 25 . . Rewire . | . . . . . . . . Trap . | . . . . . . . . Miscellaneous . | . . . . . . . . Route ------- -11/Scrapyard -10/Materials -9/Materials -8/Materials -8/Storage -8/Garrison -7/Factory -7/Lower Caves History --------- Turn | Location | Event 42 | -11/Scrapyard | Discovered new exit (range 15) 61 | -11/Scrapyard | Entered Materials 231 | -10/Materials | Lost 4 parts (2n1u1w) 313 | -10/Materials | Build established: Mutant 630 | -10/Materials | Discovered new exit (range 14) 655 | -10/Materials | Entered another Materials area 655 | -9/Materials | Evolved 2 slots: Propulsion x1, Utility x1 945 | -9/Materials | Discovered new exit (range 4) 950 | -9/Materials | Entered another Materials area 950 | -8/Materials | Evolved 2 slots: Propulsion x1, Utility x1 1368 | -8/Materials | Core integrity fell below 50% 1396 | -8/Materials | Lost 4 parts (1p2n1u) 1737 | -8/Materials | Discovered new exit (range 15) 1746 | -8/Materials | Entered Storage 1760 | -8/Storage | Identified exit to Garrison 1831 | -8/Storage | Entered Garrison 1841 | -8/Garrison | Triggered checkpoint 1905 | -8/Garrison | Triggered checkpoint 1909 | -8/Garrison | Core integrity fell below 20% 1946 | -8/Garrison | Build established: Sprinter 1951 | -8/Garrison | Lost 3 parts (1p1n1u) 1957 | -8/Garrison | Discovered new exit (range 9) 1978 | -8/Garrison | Entered Factory 1978 | -7/Factory | Evolved 2 slots: Propulsion x1, Utility x1 2068 | -7/Factory | Discovered new exit (range 5) 2115 | -7/Factory | Entered Lower Caves 2130 | -7/Lower Caves | Attracted the attention of an 0b10 checkpoint 2208 | -7/Lower Caves | Encountered a Warlord checkpoint 2212 | -7/Lower Caves | Learned Factory machine intel 2276 | -7/Lower Caves | Learned Factory interactive machine intel 2304 | -7/Lower Caves | Learned Factory emergency access door positions 2313 | -7/Lower Caves | Attacked by a faux Warlord 2395 | -7/Lower Caves | Lost 4 parts (1p1n2w) 2549 | -7/Lower Caves | Ambushed by research squad 2569 | -7/Lower Caves | Core integrity fell below 50% 2605 | -7/Lower Caves | Core integrity fell below 20% 2613 | -7/Lower Caves | Destroyed by H-55 Commando with Assault Rifle Last Messages --------------- 02574_ P-60 Hacker knocked back. 02575_ Slug penetrates Wall. 02577_ Penetrated by Slug. 02577_ Adv. Weight Redist. System destroyed. 02578_ Slug penetrates Wall. 02580_ P-60 Hacker misfires. 02585_ Slug penetrates Wall. 02588_ Penetrated by Slug. 02588_ Nuclear Core destroyed. 02592_ Slug penetrates Wall. 02593_ Penetrated by Slug. 02593_ VTOL Module destroyed. 02594_ P-60 Hacker misfires. 02595_ Axe follow-up attack on H-55 Commando. 02595_ Penetrated by Slug. 02602_ Axe follow-up attack on H-55 Commando. 02604_ Imp. Trap Extractor destroyed. 02607_ Penetrated by Slug. 02609_ H-55 Commando destroyed. 02610_ Penetrated by Slug. Map ----- +----------------------------------------------------+ | ?????????????????????????????????????????????????? | | ?????????????????????????????????????????????????? | | ?????????????????????????????????????????????????? | | ?????????????????????????????????????????????????? | | ?????????????????????????????????????????????????? | | ?????????????????????????????????????????????????? | | ?????????????????????????????????????????????????? | | ?????????????????????????????????????????????????? | | ?????????????????????????????????????????????????? | | ?????????????????????????????????????????????????? | | ?????????????????????????????????????????????????? | | ?????????????????????????????????????????????????? | | ?????????????????????????????????????????????????? | | ?????????????????????????????????????????????????? | | ?????????????????????????????????????????????????? | | #?????????????#####??????????????????????????????? | | #?????????????# #??????????????????????????????? | | #?????????????# #??????????????????????????????? | | #?????????????# #??????????????????????????????? | | ??????##??????# #??????#####???????????????????? | | ??????# ####??# ##?????# ##??????????????????? | | ??????# ##?# #?????## #??????????????????? | | #???### #### #??####; ##?????????????????? | | ##??# #?# ##??# p ##????????????????? | | ##?# #?# ##### h ##???????????????? | | ### #??# @ [ #???????????????? | | ## #???# *% ##???????????????? | | #?# ###### ### ## #????????????????? | | ####??# # #?# ### ##????????????????? | | ??????# # #?# #?###??????##?????????? | | ?????## # #?# #????????? ?????????? | | ?##### % # #?# ##??##??? ????????? | | ## ## ### ### ##?# #?????????? | | # % ## #??????????? | | ## ## #???????????? | | ## ## ## ##????? ?????? | | ### ## ####???? ?????? | | ## ## ##??????? ?????? | | ## # ## ####????? ??????? | | #### ### ## #????? ??????? | | ##??## ### ### ##???? ??????? | | ####?# ### ### ##????? #??????? | | ### ## #?????? #??????? | | ## ### ## ##????? #??????? | | #### ### ## #????? #??????? | | #### #??## ### ###### ##?????? | | #### #???## ### ! * #?????? | | ## ########### ## %/ # # #???# | | ##????## #= ## /#### ## | | ##??#### ## ###??# # # ## | +----------------------------------------------------+ Best States ------------- Heat Dissipation 34 Energy Generation 14 Energy Capacity 275 Matter Stores 300 Matter Capacity 300 Sight Range 16 Robot Scan Range 15 Terrain Scan Range 14 Terrain Scan Density 10 ECM Strength 1 Additional Mass Support 9 Weapon Cycling 15 Evasion (%) 64 Trap Extractor Capacity 6 Item Schematics ----------------- None Robot Schematics ------------------ None Fabricated ------------ Nothing Repaired ---------- Nothing Studied --------- Assault Rifle | -9/Materials | Hacked Aluminum Leg | -9/Materials | Hacked Alien Tech Used ----------------- None Achievements -------------- DATA ERROR: Steam Global Achievement% Hammer Time I Spy Item+ Organ Harvest Overwhelming Sprinter There's More Where That Came From Challenges ------------ None Game ------ Seed LegElectronAxe Manual? 0 Play Time 00:44:52 Cumulative 12.9 hours Start 2025.10.21 @ 21:58:15 End 2025.10.21 @ 22:42:16 Sessions 1 Manual Loads 0 Difficulty Rogue Special Mode None Game No. 31 Rogue 31 Adventurer 0 Explorer 0 Win Type - Total 0 Types 0/0/0/0/0/0/0/0/0/0 Lore% 9 Gallery% 18 Achievement% 12 Wizard Run 0 Options --------- Layout 1 ASCII 0 Keyboard 0 Movement Arrows Keybinds 0 Fullscreen 1 Font 24/Smallcaps Map View 50x35 Zoom Use 0% Tactical HUD 1 Map Filters NONE Filters NONE Steam 1 RUN: bd3f64c6-88d7-42c9-9542-44932230fed3